 Dungeon Crawl Stone Soup version 0.31-a0-426-g3a05650e59 (webtiles) character file.

Game seed: 7030796482837541747

19686 Ofeo the Fighter (level 12, -3/97 HPs)
             Began as a Demonspawn Shapeshifter on July 30, 2023.
             Was a Follower of Uskayaw.
             Slain by a slime creature (12 damage)
             ... on level 12 of the Dungeon.
             The game lasted 00:22:19 (15197 turns).

Ofeo the Fighter (Demonspawn Shapeshifter)         Turns: 15197, Time: 00:22:20

Health: -3/97      AC: 13    Str: 26    XL:     12   Next: 38%
Magic:  17/17      EV: 13    Int: 10    God:    Uskayaw [*.....]
Gold:   904        SH:  0    Dex: 14    Spells: 11/11 levels left

rFire   . .          .
                       - Unarmed
rCold   . . .        (no shield)
rNeg    . . .        h - +3 chain mail
rPois   .            (helmet currently unavailable)
rElec   .            (cloak currently unavailable)
rCorr   .            (gloves unavailable)
SInv    .            (boots currently unavailable)
Will    .....        e - amulet of regeneration Stlth
                     C - +6 ring of strength
HPRegen 1.16/turn    j - +4 ring of slaying
MPRegen 0.15/turn

%: no passive effects
@: about to teleport, beast-form, studying Armour
A: beast (slay +5), claws 3, hooves 2, demonic guardian 1, ignite blood 2
a: Begin Untransformation, Renounce Religion, Stomp


You were on level 12 of the Dungeon.
You worshipped Uskayaw.
Uskayaw was noncommittal.
You were a hulking beast.
You visited 1 branch of the dungeon, and saw 12 of its levels.
You also visited: Bailey.

You collected 904 gold pieces.

Inventory:

Missiles
 A - 29 javelins
Armour
 a - a +0 animal skin
 f - a +1 chain mail
 h - a +3 chain mail (worn)
 t - a +0 plate armour
Jewellery
 e - an amulet of regeneration (around neck)
 j - a +4 ring of slaying (right claw)
 u - an amulet of guardian spirit
 w - a ring of ice
 x - a +6 ring of intelligence
 y - a ring of protection from cold
 C - a +6 ring of strength (left claw)
Talismans
 c - a beast talisman (active)
 L - a blade talisman
Wands
 d - a wand of flame (14)
 g - a wand of acid (13) {@v2}
 l - a wand of mindburst (9)
 z - a wand of iceblast (12) {@v4}
Scrolls
 i - 5 scrolls of identify {@r1}
 m - 3 scrolls of teleportation {@r3}
 p - a scroll of immolation
 r - 2 scrolls of enchant weapon
 B - a scroll of amnesia
 D - 4 scrolls of enchant armour
 F - a scroll of acquirement {unknown}
 I - a scroll of torment {unknown}
Potions
 b - a potion of lignification
 k - a potion of magic
 n - 2 potions of berserk rage
 o - 2 potions of degeneration
 q - 2 potions of curing {@q1}
 s - 2 potions of mutation
 G - 2 potions of enlightenment {unknown}
 H - a potion of might {unknown}
 J - a potion of ambrosia {unknown}
 K - a potion of resistance {unknown}
Miscellaneous
 E - a phantom mirror


   Skills:
 + Level 9.9 Fighting
 + Level 5.9 Armour
 + Level 9.2 Dodging
 + Level 9.5 Unarmed Combat
 - Level 7.0 Invocations
 + Level 8.1 Shapeshifting


You had 11 spell levels left.
You didn't know any spells.
Your spell library contained the following spells:

 Spells                   Type           Power      Damage    Failure   Level
 Call Canine Familiar     Summ           0%         N/A       99%         3
 Gell's Gravitas          Tloc           0%         N/A       99%         3
 Inner Flame              Hex/Fire       0%         N/A       99%         3
 Portal Projectile        Hex/Tloc       0%         N/A       99%         3
 Teleport Other           Tloc           0%         N/A       99%         3
 Flame Wave               Conj/Fire      0%         2d4       100%        4
 Leda's Liquefaction      Hex/Erth       0%         N/A       100%        4
 Sticky Flame             Conj/Fire      0%         2d3       100%        4
 Dispersal                Tloc           0%         N/A       100%        6


Dungeon Overview and Level Annotations

Branches:
Dungeon (12/15)            Temple (0/1) D:7            Lair (0/5) D:9
    Orc (0/2) D:9          Bailey (visited)

Altars:
Ashenzari
Fedhas
Gozag
Kikubaaqudgha
Makhleb
Okawaru
Qazlal
Ru
Sif Muna
Trog
Uskayaw
Vehumet
Wu Jian
Yredelemnul

Shops:
D:4 (

Annotations:
D:4 exclusion: statue


Innate Abilities, Weirdness & Mutations

You are a hulking beast.
Your limbs bulge with bestial killing power. (Slay +5)
You have claws for hands.
You have hoof-like feet.
A weak demonic guardian rushes to your aid.
Your demonic aura often causes spilled blood to erupt in flames.


Message History

You can now pass through a line of other dancers.
A slime creature is nearby!
A slime creature is nearby!
You barely miss the slime creature. You kick the slime creature!
You kill the slime creature! 3 slime creatures come into view.
The slime creature quivers. x3
Two slime creatures merge to form a large slime creature.
Two slime creatures merge to form a very large slime creature.
Health restored: 97 The very large slime creature hits you!!!
You take 43 damage, and have 54/97 hp.
MASSIVE DAMAGE!!
You are too injured to fight recklessly!
A very large slime creature is nearby!
You are too injured to fight recklessly!
You are too injured to fight recklessly!
The very large slime creature attacks as you move away!
The very large slime creature hits you!!!
Ouch! That really hurt!
* * * LOW HITPOINT WARNING * * *
The very large slime creature is engulfed in blazing flames.
You take 51 damage, and have 4/97 hp.
MASSIVE DAMAGE!!
Okay, then.
Okay, then.
Okay, then.
Okay, then.
As you read the scroll of teleportation {@r3}, it crumbles to dust.
You feel strangely unstable.
The very large slime creature is engulfed in blazing flames.
A very large slime creature splits.
The large slime creature is engulfed in blazing flames.
A large slime creature splits.
The slime creature is engulfed in blazing flames.
Two slime creatures merge to form a large slime creature.
The slime creature is engulfed in blazing flames.
The slime creature is engulfed in blazing flames.
You regained 2 hp, and now have 9/97 hp.
The slime creature attacks as you move away!
The slime creature hits you!
You die...

#. #.. ## #... ..
#...##. #...<..
#......#########
+.........hJ°○°#
#.##....#####J##
#.....#.....#.#
#......>...##.#
#.......#####.#
#+#####..##...# #.#
..............#####.#
##....##..##......#..
.#........###.###.###


You could see a large slime creature and a slime creature.

Vanquished Creatures
  A centaur warrior (D:12)
  Erica (D:8)
  A boulder beetle (D:12)
  Urug (D:11)
  Amaemon (D:10)
  2 ugly things
  A manticore (D:11)
  5 centaur zombies (D:10)
  A molten gargoyle (D:11)
  An orange demon (D:10)
  Joseph (D:8)
  An unseen horror zombie (D:10)
  2 komodo dragons (D:11)
  2 kobold demonologists (D:9)
  Psyche (D:10)
  3 trolls
  Grinder (D:4)
  A meliai zombie (D:10)
  2 wraiths
  17 yaks
  4 slime creatures (D:12)
  A shadow (D:9)
  2 steam dragons
  2 acid dragons (D:12)
  A water moccasin (D:8)
  3 sky beasts
  An ice beast (D:6)
  12 orc warriors
  An ogre (D:5)
  20 centaurs
  A phantom (D:7)
  4 kobold brigands
  2 bullfrogs
  A gnoll sergeant (D:8)
  2 scorpions
  6 wights (D:8)
  8 killer bees
  A vampire bat (D:4)
  3 howler monkeys
  A lava snake (D:11)
  4 hounds
  A jelly (D:6)
  2 gnoll boudas
  8 orc priests
  2 sleepcaps
  4 iguanas
  18 orc wizards
  4 howler monkey zombies (D:10)
  Robin (D:4)
  12 gnolls
  An adder (D:4)
  A shadow imp (D:6)
  2 white imps (D:6)
  2 worms
  3 fire bats (D:4)
  57 orcs
  2 spectral bats (D:4)
  6 ball pythons
  14 bats
  3 bat skeletons (D:4)
  A bat zombie (D:4)
  3 endoplasms
  6 giant cockroaches
  11 goblins
  15 hobgoblins
  9 jackals (D:1)
  11 kobolds
  4 quokkas
  A bat simulacrum (D:4)
  2 frilled lizards (D:3)
  3 rats
335 creatures vanquished.

Vanquished Creatures (collateral kills)
  A boulder beetle (D:11)
  A wight (D:8)
2 creatures vanquished.

Vanquished Creatures (others)
  An orc (Bailey)
1 creature vanquished.

Grand Total: 338 creatures vanquished

Notes
Turn   | Place    | Note
-------+----------+-------------------------------------------
     0 | D:1      | Ofeo the Demonspawn Shapeshifter began the quest for the
                  | Orb.
     0 | D:1      | Reached XP level 1. HP: 15/15 MP: 1/1
    69 | D:1      | Discovered your monstrous ancestry.
    69 | D:1      | Gained mutation: You have sharp fingernails. [demonic
                  | ancestry]
    69 | D:1      | Reached XP level 2. HP: 21/21 MP: 2/2
   666 | D:1      | Reached XP level 3. HP: 26/26 MP: 3/3
  1834 | D:2      | Found a faded altar of an unknown god.
  2364 | D:3      | Gained mutation: You have large cloven feet. [demonic
                  | ancestry]
  2364 | D:3      | Reached XP level 4. HP: 33/33 MP: 4/4
  2806 | D:3      | Gained mutation: Your demonic aura sometimes causes spilled
                  | blood to erupt in flames. [demonic ancestry]
  2806 | D:3      | Reached XP level 5. HP: 39/39 MP: 5/5
  2822 | D:3      | Found an opulent altar of Gozag.
  3325 | D:3      | Found a broken altar of Ashenzari.
  3326 | D:3      | Found a stormy altar of Qazlal.
  3616 | D:2      | Prayed at the altar of an unknown god.
  3616 | D:2      | Became a worshipper of Uskayaw the Reveller
  3616 | D:2      | Reached * piety under Uskayaw
  3797 | D:4      | Reached ** piety under Uskayaw
  3798 | D:4      | Reached XP level 6. HP: 47/47 MP: 6/6
  3805 | D:4      | Noticed Grinder
  3807 | D:4      | Paralysed by Grinder for 3 turns
  3813 | D:4      | Killed Grinder
  3815 | D:4      | Reached *** piety under Uskayaw
  3868 | D:4      | Noticed Robin
  3942 | D:4      | Killed Robin
  4018 | D:4      | Gained mutation: You have very sharp fingernails. [demonic
                  | ancestry]
  4018 | D:4      | Reached XP level 7. HP: 48/52 MP: 7/7
  4068 | D:4      | Found a blossoming altar of Fedhas.
  4294 | D:4      | Found a radiant altar of Vehumet.
  4344 | D:4      | Found Hajexynk's Antique Weapon Emporium.
  4431 | D:4      | Found a sacrificial altar of Ru.
  4433 | D:4      | Found a shimmering blue altar of Sif Muna.
  4529 | D:4      | Reached **** piety under Uskayaw
  4744 | D:5      | Entered Level 5 of the Dungeon
  4755 | D:5      | Found a hide-covered altar of Uskayaw.
  4758 | D:5      | Noticed a +0 hand axe
  4758 | D:5      | Noticed a +0 dagger
  5127 | D:5      | Found a burning altar of Makhleb.
  5195 | D:5      | Reached skill level 5 in Unarmed Combat
  5385 | D:5      | Reached XP level 8. HP: 61/61 MP: 8/8
  5718 | D:5      | Reached skill level 1 in Invocations
  6075 | D:6      | Reached skill level 5 in Fighting
  6121 | D:6      | Reached skill level 5 in Dodging
  6745 | D:6      | Found an ornate altar of the Wu Jian Council.
  6859 | D:6      | Reached skill level 5 in Shapeshifting
  6931 | D:6      | Gained mutation: A weak demonic guardian rushes to your
                  | aid. [demonic ancestry]
  6931 | D:6      | Reached XP level 9. HP: 34/68 MP: 10/12
  7286 | D:7      | Found a staircase to the Ecumenical Temple.
  7390 | D:7      | Found an iron altar of Okawaru.
  7606 | D:7      | Identified the +1 spear of Pocuuly {heavy, Fly Will++ Str+4
                  | Stlth+}
  7862 | D:8      | Reached skill level 5 in Invocations
  7870 | D:8      | Reached ***** piety under Uskayaw
  7936 | D:8      | Gained mutation: Your demonic aura often causes spilled
                  | blood to erupt in flames. [demonic ancestry]
  7936 | D:8      | Reached XP level 10. HP: 52/77 MP: 14/14
  8318 | D:8      | Noticed Erica
  8343 | D:8      | Killed Erica
  8626 | D:8      | Noticed Joseph
  8633 | D:8      | Killed Joseph
  9119 | D:9      | Found a staircase to the Lair.
  9261 | D:9      | Found a staircase to the Orcish Mines.
  9265 | D:9      | Found a flagged portal.
  9276 | Bailey   | Entered a bailey
 11029 | D:9      | Gained mutation: You have hoof-like feet. [demonic
                  | ancestry]
 11029 | D:9      | Reached XP level 11. HP: 86/86 MP: 16/16
 11093 | D:10     | Entered Level 10 of the Dungeon
 11093 | D:10     | Noticed Psyche
 11100 | D:10     | Killed Psyche
 11460 | D:10     | Noticed Amaemon
 11575 | D:10     | Killed Amaemon
 11968 | D:10     | Reached skill level 1 in Armour
 12949 | D:10     | Found a bloodstained altar of Trog.
 12951 | D:10     | Found an ancient bone altar of Kikubaaqudgha.
 13081 | D:10     | Found a basalt altar of Yredelemnul.
 13294 | D:11     | Noticed Urug
 13302 | D:11     | Killed Urug
 13424 | D:11     | Noticed a boulder beetle
 13430 | D:11     | Killed a boulder beetle
 13732 | D:11     | Gained mutation: You have claws for hands. [demonic
                  | ancestry]
 13732 | D:11     | Reached XP level 12. HP: 67/96 MP: 17/17
 14562 | D:11     | Reached skill level 5 in Armour
 14933 | D:12     | Noticed a boulder beetle
 14933 | D:12     | Noticed a centaur warrior
 14947 | D:12     | Killed a centaur warrior
 14958 | D:12     | Killed a boulder beetle
 15192 | D:12     | HP: 3/97 [very large slime creature (52)]
 15197 | D:12     | Slain by a slime creature

Illustrated notes

Levels and vault maps discovered:
D:1:      tarquinn_simple_flora_water_c, layout_loops_ring
D:2:      layout_basic, chequers_ecumenical_altar_twisty, minmay_tetromino_o2
D:3:      layout_basic, mainiacjoe_overflow_alcove_2,
          gammafunk_temple_overflow_pools
D:4:      layout_basic, vehumet_statue, fedhas_altar_3,
          chequers_temple_overflow_statue_of_worship, serial_shops,
          nicolae_shop_real_fake_doors, goddamned_bats, uniq_robin, uniq_grinder
D:5:      layout_gridville, mainiacjoe_overflow_tiny_flanked,
          dancing_weapons_uskayaw
D:6:      layout_cave_pools, nicolae_wu_jian_glorious_leap, minmay_pentangle
D:7:      layout_loops_ring, kennysheep_mini_moat, minmay_temple_entry_trees,
          minivault_10
D:8:      layout_rooms, uniq_joseph, uniq_erica
D:9:      layout_roguey, dpeg_oklobed_lair, orc_0_dummy, enter_bailey_2
D:10:     layout_layer_cave, nicolae_yredelemnul_corpse_copse,
          amethyst_overflow_temple_binary, centaur_isle, uniq_amaemon,
          uniq_psyche
D:11:     layout_cave_pods, kennysheep_minor_cross, uniq_urug
D:12:     minmay_the_grid_3x2 [minmay_the_grid_gridbox, minmay_the_grid_eight,
          minmay_the_grid_large_cup, minmay_the_grid_minigrid_small,
          minmay_the_grid_aliased_spiral, minmay_the_grid_prize_trominoes],
          layout_basic, uniq_nessos

Skill      XL: |  1  2  3  4  5  6  7  8  9 10 11 12 |
---------------+-------------------------------------+-----
Dodging        | 2 3 4 5 6 7 8 9 |  9.2
Unarmed Combat | 3 4 5 6 8 9 |  9.5
Shapeshifting  | 3 4 5 6 7 8 |  8.1
Fighting       | 2 3 4 5 6 8 9 |  9.9
Invocations    | 4 6 7 |  7.0
Armour         | 4 5 |  5.9

Action                     |  1- 3 |  4- 6 |  7- 9 | 10-12 || total
---------------------------+-------+-------+-------+-------++-------
  Melee: Unarmed           |   106 |    88 |   200 |   293 ||   687
         Punch             |     1 |       |     1 |    20 ||    22
         Kick              |       |    26 |    54 |   103 ||   183
 Invoke: Stomp             |       |     1 |     2 |     1 ||     4
         Line Pass         |       |       |       |     1 ||     1
  Evoke: Wand              |       |       |       |    32 ||    32
    Use: Scroll            |     4 |       |     8 |     8 ||    20
         Potion            |     1 |     1 |       |     7 ||     9
   Stab: Paralysed         |       |       |    10 |    15 ||    25
 Armour: Animal skin       |    22 |    17 |     2 |       ||    41
         Chain mail        |       |       |    98 |   181 ||   279
  Dodge: Dodged            |    95 |    57 |    99 |   245 ||   496

Table legend: (Time is in decaauts)
 A = Elapsed time spent in this place.
 B = Non-inter-level travel time spent in this place.
 C = Inter-level travel time spent in this place.
 D = Time resting spent in this place.
 E = Time spent auto-exploring this place.
 F = Levels seen in this place.
 G = Mean time per level.
                   A        B        C        D        E       F      G
               +--------+--------+--------+--------+--------+-----+--------+
         Total |  15153 |  14590 |    563 |   1810 |   9879 |  13 | 1165.6 |
       Dungeon |  13455 |  12892 |    563 |   1188 |   9439 |  12 | 1121.2 |
        Bailey |   1698 |   1698 |      0 |    622 |    440 |   1 | 1698.0 |
               +--------+--------+--------+--------+--------+-----+--------+

Top non-repeatable levels by time:
    D:10: 2112 daAuts
  Bailey: 1698 daAuts
     D:2: 1432 daAuts
    D:11: 1422 daAuts
     D:5: 1358 daAuts
     D:3: 1303 daAuts
     D:4: 1072 daAuts
     D:8: 977 daAuts
     D:6: 949 daAuts
     D:1: 910 daAuts
     D:7: 884 daAuts
     D:9: 574 daAuts
    D:12: 456 daAuts
